 Dungeon Sprint DCSS version 0.20-a0-876-g2c7b0bf (webtiles) character file.

312132 esc the Brawler (level 14, 142/182 HPs)
             Began as a Troll Berserker on Mar 15, 2017.
             Was the Champion of Trog.
             Escaped with the Orb!
             The game lasted 00:37:17 (3754 turns).

esc the Brawler (Troll Berserker)                   Turns: 3754, Time: 00:37:19

Health: 142/182    AC: 32    Str: 33    XL:     14   Next: 48%
Magic:  13/13      EV: 24    Int:  5    God:    Trog [******]
Gold:   1705       SH: 13    Dex: 18    Spells: 13/13 levels left

rFire    + . .     SeeInvis .     - Unarmed
rCold    + . .     Gourm    +   A - +2 storm dragon scales
rNeg     . . .     Faith    .   x - +0 shield
rPois    +         Spirit   .   s - +2 hat
rElec    +         Reflect  .   o - +1 cloak
rCorr    +         Harm     .   (gloves unavailable)
MR       +....     NoTele   +   (boots unavailable)
Stlth    ..........             (no amulet)
Regen    0.8/turn               i - +3 ring of protection
MPRegen  0.2/turn               D - +4 ring of protection

@: mighty, agile, resistant (expiring), slightly contaminated, hasted, very
quick
A: unfitting armour, beak, claws 3, hooves 1, camouflage 1, clever 1, fast
metabolism 3, gourmand, regeneration 1, robust 1, shaggy fur 1, tough skin 2
0: Orb of Zot
a: Berserk, Trog's Hand, Brothers in Arms, Burn Spellbooks, Renounce Religion


You escaped.
You worshipped Trog.
Trog was exalted by your worship.
You were not hungry.

You visited 1 branch You collected 3679 gold pieces.
You spent 1974 gold pieces at shops.

Inventory:

Hand Weapons
 B - a +0 blowgun
   (You took it off Sonja in the Dungeon)
Missiles
 m - 7 curare-tipped needles
Armour
 o - a +1 cloak (worn)
   (You found it in the Dungeon)
 s - a +2 hat (worn)
   (You found it in the Dungeon)
 x - a +0 shield (worn)
   (You found it in the Dungeon)
 A - +2 storm dragon scales (worn)
   (You found it in the Dungeon)
Jewellery
 i - a +3 ring of protection (right claw)
   (You bought it in a shop in the Dungeon)
 y - an uncursed ring of flight {+Fly, !d}
   (You found it in the Dungeon)
 z - an uncursed ring of resist corrosion
   (You found it in the Dungeon)
 C - an uncursed ring of protection from fire {rF+, !d}
   (You bought it in a shop in the Dungeon)
 D - a +4 ring of protection (left claw)
   (You took it off a deep elf blademaster in the Dungeon)
 E - an uncursed ring of protection from fire {rF+, !d}
   (You found it in the Dungeon)
 G - an uncursed ring of positive energy {rN+}
   (You found it in the Dungeon)
Scrolls
 h - 2 scrolls of blinking {!r}
 l - 3 scrolls of remove curse
 p - 5 scrolls of recharging
 r - 3 scrolls of identify
 u - a scroll of fog
Potions
 a - a potion of curing
 c - a potion of brilliance
 f - 5 potions of magic
 g - a potion of berserk rage {!q}
 j - a potion of might
 k - a potion of ambrosia
 q - a potion of lignification {!q}
 v - 6 potions of flight
 w - a potion of invisibility
 H - 22 potions of mutation {!q}
Comestibles
 b - 3 bread rations {@e1}
 F - a royal jelly


   Skills:
 + Level 17.4 Fighting
 + Level 13.0 Armour
 + Level 17.4 Dodging
 - Level 10.7 Shields
 + Level 20.1 Unarmed Combat


You had 13 spell levels left.
You didn't know any spells.

Dungeon Overview and Level Annotations

Branches:
Dungeon (1/1)

Altars:
Cheibriados
Dithmenos
Elyvilon
Fedhas
Gozag
Hepliaklqana
Kikubaaqudgha
Makhleb
Nemelex Xobeh
Okawaru
Qazlal
Ru
Sif Muna
Trog
Uskayaw
Vehumet
Wu Jian
Xom
Yredelemnul
Zin
The Shining One
Beogh
Jiyva
Lugonu

Shops:
D ?!:[::!=*!([!*!=%%}?*=:([![}

Annotations:
D exclusion: oklob plant


Innate Abilities, Weirdness & Mutations

You are too large for most types of armour.
You have claws for hands.
Your metabolism is lightning-fast.
You like to eat raw meat.
Your natural rate of healing is unusually fast.
You are covered in fur. (AC +1)
You have very tough skin. (AC +2)
You have a beak for a mouth.
You have large cloven feet.
Your skin changes colour to match your surroundings (Stealth+).
Your mind is acute. (Int +2)
You are robust. (+10% HP)


Message History

You are engulfed in freezing vapours.
You resist.
Nuirphink is engulfed in freezing vapours.
Nuirphink gestures at you. The freezing blast misses you.
You take 4 damage, and have 131/182 hp.
You completely miss Nuirphink. Your kick misses Nuirphink.
You are engulfed in freezing vapours.
You resist.
You take 2 damage, and have 129/182 hp.
You miss Nuirphink. Your peck misses Nuirphink.
You are engulfed in freezing vapours.
You resist.
Nuirphink is engulfed in freezing vapours.
Nuirphink gestures at you. The freezing blast engulfs you! You resist.
You take 17 damage, and have 112/182 hp.
You claw Nuirphink! Your kick misses Nuirphink. Your peck misses Nuirphink.
You are engulfed in freezing vapours.
You resist.
You miss Nuirphink. Your kick misses Nuirphink.
You are engulfed in freezing vapours.
You resist.
Nuirphink is engulfed in freezing vapours.
Nuirphink hits you but does no damage.
You take 1 damage, and have 112/182 hp.
You feel agile all of a sudden.
You are engulfed in freezing vapours.
You resist.
Nuirphink is engulfed in freezing vapours.
Nuirphink hits you but does no damage.
You eviscerate Nuirphink!!! Your kick misses Nuirphink.
Your peck misses Nuirphink.
You are engulfed in freezing vapours.
You resist.
You completely miss Nuirphink. Your kick misses Nuirphink.
You are engulfed in freezing vapours.
You resist.
Nuirphink is engulfed in freezing vapours.
Nuirphink gestures at you. The freezing blast misses you.
You closely miss Nuirphink. Your kick misses Nuirphink.
Your peck misses Nuirphink.
You are engulfed in freezing vapours.
You resist.
You eviscerate Nuirphink!!! Your kick misses Nuirphink.
Your peck misses Nuirphink.
You are engulfed in freezing vapours.
You resist.
Nuirphink is engulfed in freezing vapours.
Nuirphink hits you but does no damage.
You mangle Nuirphink!! Your kick misses Nuirphink. Your peck misses Nuirphink.
You closely miss Nuirphink. Your kick misses Nuirphink.
Your peck misses Nuirphink. Nuirphink hits you but does no damage.
You mangle Nuirphink!! Your kick misses Nuirphink.
You block Nuirphink's attack.
You completely miss Nuirphink. Your kick misses Nuirphink. You miss Nuirphink.
Your kick misses Nuirphink. Your peck misses Nuirphink.
You completely miss Nuirphink. Your kick misses Nuirphink.
Your peck misses Nuirphink. Nuirphink hits you but does no damage.
You are slowing down.
Okay, then.
You completely miss Nuirphink. Your kick misses Nuirphink.
Your peck misses Nuirphink. You miss Nuirphink. Your kick misses Nuirphink.
Nuirphink hits you.
You eviscerate Nuirphink!!!
You kill Nuirphink!
Trog accepts your kill.
Your Unarmed Combat skill increases to level 20!
Your limbs are stiffening.
A lich comes into view.
The lich shouts!
You have turned to stone.
Your extra speed is starting to run out.
The lich touches you but does no damage. x4
The lich points at you and mumbles some strange words.
Helpless, you fail to dodge the bolt of negative energy.
You resist.
You feel yourself slow down.
The lich touches you but does no damage. x2
You turn to flesh and can move again.
You regained 7 hp, and now have 124/182 hp.
Unknown command.
Unknown command.
Unknown command.
Unknown command.
You mangle the lich!! You kick the lich. You peck the lich.
You mangle the lich!! Your kick misses the lich. Your peck misses the lich.
You block the lich's attack.
You eviscerate the lich!!!
You destroy the lich!
Trog accepts your kill.
Trog appreciates your killing of a magic user.
Your Armour skill increases to level 13!
You feel yourself speed up.
A red devil comes into view. It is wielding a trident.
The red devil moves out of view.
Really fly into a travel-excluded area?
Things that are here:
an arbalest; 11 bolts You are starting to lose your buoyancy.
There is an open door here.
A chaos spawn comes into view.
The chaos spawn bleats!
You start to feel less resistant.
Something unseen opens the gate.
You float gracefully downwards.
The chaos spawn is poisoned.
You are lightly contaminated with residual magic.
There is an open door here.
A red devil comes into view.
It is wielding a demon trident of draining.
There is a staircase leading out of the dungeon here.
You see here a hand axe of freezing.
You have escaped!

##########≈≈#§''#+++##**#....#.##
#########≈≈≈)..()....#,,+....#..#
........#≈≈≈≈.#4(##..#,,####.#..#
....⌠...#≈≈≈≈#....##.####..'.##.#
...∩.∩..#≈≈≈≈.)....#....#..#.^)##
..∩.∩.∩.#≈≈#.##....###..#####..##
.∩.∩.∩.∩#≈#..###4##..##..#).'..#.
∩.∩...∩.#≈...###)##...#..#..#..#.
.∩.....∩'≈)##().@.'##.'..####..##
∩.......#≈#..###.###.......###^..
▓▓▓▓▓▓###≈##.###'###.##......≈4)≈
$$F######≈≈####.#.####≈≈....§≈#'#
%.F#HH+,##≈≈≈#..##.#≈≈≈≈≈≈≈..≈#_(
∩P"+H.#+*#'#≈##..###≈≈≈§≈§≈≈.≈#._
($.#?##z##[#≈≈##'##≈≈≈≈≈§§≈≈§≈#_.
(.)###z§§####≈≈≈≈≈≈≈≈≈§§§§§≈≈≈#._
#+###z.§§,*,#+++#+++#≈≈§≈≈§≈≈≈#_.


You could see a chaos spawn and a red devil.

Vanquished Creatures
  A pandemonium lord (D)
  A golden dragon (D)
  A bone dragon (D)
  A Tzitzimitl (D)
  A hellephant (D)
  A lich (D)
  3 quicksilver dragons (D)
  A deep elf blademaster (D)
  A kraken (D)
  Kirke (D)
  Murray (D)
  A storm dragon (D)
  A frost giant (D)
  A draconian shifter (D)
  3 lorocyprocas (D)
  A crystal guardian (D)
  2 great orbs of eyes (D)
  A blizzard demon (D)
  A deep elf high priest (D)
  A yaktaur captain (D)
  An ice dragon (D)
  A centaur warrior (D)
  A death yak (D)
  2 hell hogs (D)
  Sonja (D)
  2 death drakes (D)
  A skeletal warrior (D)
  2 deep trolls (D)
  A glowing orange brain (D)
  A harpy (D)
  12 shining eyes (D)
  An elephant (D)
  An eye of devastation (D)
  A yaktaur (D)
  A kobold demonologist (D)
  5 polar bears (D)
  A hornet (D)
  A blink frog (D)
  6 flying skulls (D)
  2 wyverns (D)
  3 yaks (D)
  Menkaure (D)
  5 neqoxecs (D)
  10 floating eyes (D)
  2 swamp drakes (D)
  5 necrophages (D)
  3 crocodiles (D)
  An iron imp (D)
  4 worker ants (D)
  3 worms (D)
  2 ballistomycetes (D)
  4 tentacles (D)
112 creatures vanquished.

Vanquished Creatures (collateral kills)
  A cacodemon (D)
1 creature vanquished.

Vanquished Creatures (others)
  A crocodile (D)
  2 ballistomycete spores (D)
  4 tentacles (D)
7 creatures vanquished.

Grand Total: 120 creatures vanquished

Notes
Turn   | Place    | Note
-------+----------+-------------------------------------------
     0 | D        | esc the Troll Berserker began the quest for the Orb.
     0 | D        | Reached XP level 1. HP: 22/22 MP: 0/0
     1 | D        | Noticed a worker ant
     1 | D        | Noticed a worker ant
     7 | D        | Killed a worker ant
     7 | D        | Reached skill level 3 in Fighting
     7 | D        | Reached skill level 3 in Dodging
     7 | D        | Reached skill level 4 in Unarmed Combat
     7 | D        | Reached XP level 2. HP: 32/32 MP: 1/1
    10 | D        | Reached skill level 4 in Fighting
    10 | D        | Reached skill level 4 in Dodging
    10 | D        | Reached skill level 5 in Unarmed Combat
    10 | D        | Reached XP level 3. HP: 39/39 MP: 2/2
    16 | D        | Reached ** piety under Trog
    16 | D        | Reached XP level 4. HP: 36/49 MP: 3/3
    32 | D        | Killed a crocodile
    46 | D        | Noticed a necrophage
    46 | D        | Noticed a necrophage
    46 | D        | Noticed a necrophage
    46 | D        | Noticed a necrophage
    53 | D        | Killed a necrophage
    53 | D        | Reached skill level 5 in Fighting
    53 | D        | Reached skill level 5 in Dodging
    53 | D        | Reached skill level 6 in Unarmed Combat
    53 | D        | Reached XP level 5. HP: 57/57 MP: 4/4
    57 | D        | Killed a necrophage
    57 | D        | Reached skill level 6 in Fighting
    57 | D        | Reached skill level 6 in Dodging
    57 | D        | Reached skill level 7 in Unarmed Combat
    65 | D        | Killed a necrophage
    65 | D        | Reached *** piety under Trog
    65 | D        | Reached skill level 7 in Fighting
    65 | D        | Reached skill level 7 in Dodging
    65 | D        | Reached skill level 8 in Unarmed Combat
    65 | D        | Reached XP level 6. HP: 68/68 MP: 5/5
   124 | D        | Reached **** piety under Trog
   144 | D        | Noticed a neqoxec
   149 | D        | Killed a neqoxec
   149 | D        | Reached skill level 9 in Unarmed Combat
   149 | D        | Reached XP level 7. HP: 76/76 MP: 6/6
   152 | D        | Noticed a neqoxec
   152 | D        | Noticed a neqoxec
   154 | D        | Noticed a neqoxec
   154 | D        | Killed a neqoxec
   154 | D        | Reached skill level 8 in Fighting
   154 | D        | Reached skill level 8 in Dodging
   157 | D        | Killed a neqoxec
   157 | D        | Reached ***** piety under Trog
   157 | D        | Reached skill level 10 in Unarmed Combat
   160 | D        | Gained mutation: Your body sometimes deteriorates upon taking damage. [a neqoxec]
   163 | D        | Killed a neqoxec
   200 | D        | Found Luvvul's Distillery.
   200 | D        | Found Amote's Antique Armour Shoppe.
   200 | D        | Found Giobyor's Antique Weapon Emporium.
   200 | D        | Found Fegut's Armour Emporium.
   200 | D        | Found Puecen's Magic Scroll Shoppe.
   200 | D        | Found Julirphos's Book Shoppe.
   201 | D        | Found Uwun's Food Shoppe.
   201 | D        | Found Toddiy's Jewellery Emporium.
   202 | D        | Found Jaggaos's Distillery.
   202 | D        | Found Ret Vuav's Antique Armour Emporium.
   203 | D        | Found Wiocef's Gadget Emporium.
   204 | D        | Found Feufo's Assorted Antiques.
   204 | D        | Found Kexaig's Jewellery Emporium.
   204 | D        | Noticed Menkaure
   204 | D        | Noticed an oklob plant
   205 | D        | Found Zaotiamyu's Book Emporium.
   205 | D        | Found Rymiq's Armour Shoppe.
   205 | D        | Found Kabunow's Book Shoppe.
   212 | D        | Killed Menkaure
   212 | D        | Reached skill level 9 in Fighting
   212 | D        | Reached skill level 9 in Dodging
   212 | D        | Reached XP level 8. HP: 89/89 MP: 7/7
   214 | D        | Noticed a spiny frog
   215 | D        | Noticed a spiny frog
   215 | D        | Bought a potion of heal wounds for 70 gold pieces
   215 | D        | Bought a potion of haste for 140 gold pieces
   222 | D        | Bought a +3 ring of protection for 294 gold pieces
   223 | D        | Noticed a hippogriff
   226 | D        | Bought an ominously black robe for 108 gold pieces
   236 | D        | Identified the +1 robe "Tirutedu" {-Tele *Slow Dex+9 SInv} (You bought it in a shop in the Dungeon)
   236 | D        | Noticed an unseen horror
   236 | D        | Noticed an unseen horror
   236 | D        | Noticed a hippogriff
   238 | D        | Noticed a hippogriff
   238 | D        | Bought 2 potions of heal wounds for 100 gold pieces
   241 | D        | Noticed a flying skull
   241 | D        | Noticed a flying skull
   242 | D        | Noticed a flying skull
   244 | D        | Noticed a flying skull
   254 | D        | Noticed a blink frog
   259 | D        | Killed a blink frog
   259 | D        | Reached skill level 11 in Unarmed Combat
   271 | D        | Noticed an orange crystal statue
   285 | D        | Noticed an obsidian statue
   303 | D        | Found an iron altar of Okawaru.
   303 | D        | Found a radiant altar of Vehumet.
   304 | D        | Found a sparkling altar of Nemelex Xobeh.
   304 | D        | Found a hide-covered altar of Uskayaw.
   304 | D        | Found a glowing silver altar of Zin.
   305 | D        | Found an opulent altar of Gozag.
   305 | D        | Found a burning altar of Makhleb.
   305 | D        | Found a bloodstained altar of Trog.
   306 | D        | Found a blossoming altar of Fedhas.
   306 | D        | Found a corrupted altar of Lugonu.
   306 | D        | Found a basalt altar of Yredelemnul.
   306 | D        | Found a deep blue altar of Sif Muna.
   307 | D        | Found a white marble altar of Elyvilon.
   307 | D        | Found an ancient bone altar of Kikubaaqudgha.
   308 | D        | Found a shadowy altar of Dithmenos.
   308 | D        | Found a viscous altar of Jiyva.
   309 | D        | Found a snail-covered altar of Cheibriados.
   311 | D        | Found a roughly hewn altar of Beogh.
   311 | D        | Found a shimmering altar of Xom.
   311 | D        | Found a sacrificial altar of Ru.
   311 | D        | Found a hazy altar of Hepliaklqana.
   311 | D        | Noticed a hornet
   311 | D        | Noticed a polar bear
   312 | D        | Noticed a polar bear
   312 | D        | Found a glowing golden altar of the Shining One.
   312 | D        | Found an ornate altar of the Wu Jian Council.
   312 | D        | Found a stormy altar of Qazlal.
   312 | D        | Noticed a yaktaur
   313 | D        | Noticed a polar bear
   317 | D        | Killed a polar bear
   320 | D        | Killed a polar bear
   320 | D        | Received a gift from Trog
   323 | D        | Killed a polar bear
   323 | D        | Reached skill level 10 in Fighting
   323 | D        | Reached skill level 10 in Dodging
   325 | D        | Killed a hornet
   325 | D        | Reached skill level 12 in Unarmed Combat
   325 | D        | Reached XP level 9. HP: 98/98 MP: 8/8
   328 | D        | Killed a yaktaur
   364 | D        | Noticed a kraken
   575 | D        | Noticed a death drake
   740 | D        | Killed a death drake
   740 | D        | Reached skill level 11 in Fighting
   740 | D        | Reached skill level 11 in Dodging
   740 | D        | Reached skill level 13 in Unarmed Combat
   809 | D        | Noticed a death drake
   810 | D        | Noticed a crystal guardian
   923 | D        | Bought a potion of curing for 42 gold pieces
   929 | D        | Bought a potion of curing for 30 gold pieces
   930 | D        | Bought a fuming purple potion for 23 gold pieces
   933 | D        | Bought a scroll of identify for 20 gold pieces
   937 | D        | Bought a bubbling sapphire potion for 23 gold pieces
   940 | D        | Bought a scroll of identify for 20 gold pieces
   952 | D        | Noticed a centaur warrior
   952 | D        | Noticed Kirke
   952 | D        | Noticed a skeletal warrior
   953 | D        | Noticed a kobold demonologist
   975 | D        | Killed Kirke
   975 | D        | Received a gift from Trog
   975 | D        | Reached ****** piety under Trog
   975 | D        | Reached skill level 12 in Fighting
   975 | D        | Reached skill level 12 in Dodging
   975 | D        | Reached skill level 14 in Unarmed Combat
   975 | D        | Reached XP level 10. HP: 115/115 MP: 9/9
   977 | D        | Killed a centaur warrior
   980 | D        | Killed a skeletal warrior
  1038 | D        | Noticed a yaktaur captain
  1056 | D        | Killed a yaktaur captain
  1071 | D        | Noticed a great orb of eyes
  1085 | D        | Killed a great orb of eyes
  1085 | D        | Reached skill level 13 in Fighting
  1085 | D        | Reached skill level 15 in Unarmed Combat
  1096 | D        | Noticed an elephant
  1108 | D        | Killed an elephant
  1108 | D        | Received a gift from Trog
  1108 | D        | Reached skill level 13 in Dodging
  1108 | D        | Reached XP level 11. HP: 127/127 MP: 8/10
  1172 | D        | Noticed a hell hog
  1172 | D        | Noticed a death yak
  1172 | D        | Noticed a hell hog
  1179 | D        | Killed a hell hog
  1181 | D        | Killed a death yak
  1181 | D        | Received a gift from Trog
  1184 | D        | Killed a hell hog
  1220 | D        | Found Daskipn's Magic Scroll Emporium.
  1220 | D        | Found Zuzurphe's Book Shop.
  1220 | D        | Found Pyatwo's Distillery.
  1220 | D        | Found Safokimu's Distillery.
  1220 | D        | Found Vatham Jix's Weapon Boutique.
  1221 | D        | Found Unewas's Distillery.
  1221 | D        | Found Keafewuh's General Store.
  1221 | D        | Found Vesma's Food Emporium.
  1221 | D        | Found Nopamp's General Store.
  1221 | D        | Found Ecle's Distillery.
  1221 | D        | Found Megab's Gadget Shop.
  1221 | D        | Found Neniuhik's Jewellery Shoppe.
  1224 | D        | Bought a potion of heal wounds for 60 gold pieces
  1224 | D        | Bought a potion of haste for 120 gold pieces
  1226 | D        | Bought a potion of agility for 52 gold pieces
  1226 | D        | Bought a potion of invisibility for 104 gold pieces
  1229 | D        | Bought a potion of curing for 33 gold pieces
  1308 | D        | Killed a crystal guardian
  1308 | D        | Reached skill level 16 in Unarmed Combat
  1362 | D        | Killed a death drake
  1362 | D        | Reached skill level 14 in Fighting
  1362 | D        | Reached skill level 14 in Dodging
  1511 | D        | Noticed an ice dragon
  1516 | D        | Killed an ice dragon
  1516 | D        | Received a gift from Trog
  1570 | D        | Reached skill level 1 in Shields
  1575 | D        | Reached skill level 2 in Shields
  1587 | D        | Noticed a deep elf master archer
  1643 | D        | Killed a kraken
  1643 | D        | Reached skill level 6 in Shields
  1782 | D        | Noticed a deep troll
  1783 | D        | Noticed a deep troll
  1797 | D        | Killed a deep troll
  1797 | D        | Reached skill level 7 in Shields
  1829 | D        | Killed a deep troll
  1829 | D        | Reached skill level 8 in Shields
  1829 | D        | Reached XP level 12. HP: 80/139 MP: 11/11
  1965 | D        | Noticed a golden dragon
  1966 | D        | Noticed a cacodemon
  1991 | D        | Killed a golden dragon
  1991 | D        | Received a gift from Trog
  1991 | D        | Reached skill level 5 in Armour
  1991 | D        | Reached skill level 9 in Shields
  2035 | D        | Noticed a storm dragon
  2036 | D        | Noticed a deep elf high priest
  2043 | D        | Killed a storm dragon
  2043 | D        | Reached skill level 6 in Armour
  2043 | D        | Reached skill level 10 in Shields
  2050 | D        | Killed a deep elf high priest
  2063 | D        | Killed a cacodemon
  2210 | D        | Noticed a frost giant
  2210 | D        | Noticed a bone dragon
  2230 | D        | Killed a bone dragon
  2230 | D        | Reached skill level 7 in Armour
  2235 | D        | Killed a frost giant
  2235 | D        | Reached skill level 17 in Unarmed Combat
  2245 | D        | Bought an uncursed ring of protection from fire for 250 gold pieces
  2252 | D        | Bought a scroll of enchant armour for 105 gold pieces
  2375 | D        | Bought a scroll of magic mapping for 35 gold pieces
  2375 | D        | Bought a scroll of enchant armour for 75 gold pieces
  2385 | D        | Bought 2 potions of might for 112 gold pieces
  2391 | D        | Bought a potion of heal wounds for 50 gold pieces
  2392 | D        | Bought a whip for 65 gold pieces
  2399 | D        | Bought a scroll of identify for 20 gold pieces
  2402 | D        | Bought a sedimented purple potion for 23 gold pieces
  2537 | D        | Noticed a hellephant
  2538 | D        | Noticed Sonja
  2538 | D        | Noticed a yellow draconian shifter
  2563 | D        | Killed a hellephant
  2563 | D        | Reached skill level 8 in Armour
  2593 | D        | Reached XP level 13. HP: 148/148 MP: 12/12
  2621 | D        | Killed Sonja
  2621 | D        | Received a gift from Trog
  2621 | D        | Reached skill level 15 in Fighting
  2621 | D        | Reached skill level 15 in Dodging
  2643 | D        | Killed a yellow draconian shifter
  2643 | D        | Reached skill level 9 in Armour
  2812 | D        | Noticed a deep elf blademaster
  2814 | D        | Received a gift from Trog
  2835 | D        | Killed a deep elf blademaster
  2930 | D        | Gained mutation: You possess an exceptional clarity of mind. [a shining eye]
  2930 | D        | Gained mutation: You are frail. (-10% HP) [a shining eye]
  2931 | D        | Paralysed by a floating eye for 2 turns
  2931 | D        | Gained mutation: Armour fits poorly on your strangely shaped body. [a shining eye]
  2936 | D        | Received a gift from Trog
  2936 | D        | Gained mutation: Your magical capacity is low. (-10% MP) [a shining eye]
  2937 | D        | Reached skill level 18 in Unarmed Combat
  2939 | D        | Paralysed by a floating eye for 2 turns
  2939 | D        | Gained mutation: You are clumsy. (Dex -2) [a shining eye]
  2944 | D        | Gained mutation: You are very clumsy. (Dex -4) [a shining eye]
  2946 | D        | Gained mutation: You expend magic power (3 MP) to strengthen your wands. [a shining eye]
  2946 | D        | Gained mutation: You are weak. (Str -2) [a shining eye]
  2947 | D        | Gained mutation: Your magical capacity is very low. (-20% MP) [a shining eye]
  2948 | D        | Gained mutation: You are very weak. (Str -4) [a shining eye]
  2948 | D        | Lost mutation: You possess an exceptional clarity of mind. [a shining eye]
  2950 | D        | Gained mutation: You are somewhat resistant to further mutation. [a shining eye]
  2953 | D        | Gained mutation: You tend to lose your temper in combat. [a shining eye]
  2953 | D        | Gained mutation: Scrolls take you a little longer to read. [a shining eye]
  2957 | D        | Reached skill level 10 in Armour
  2959 | D        | Received a gift from Trog
  2962 | D        | Gained mutation: You often lose your temper in combat. [a shining eye]
  2975 | D        | Gained mutation: Scrolls take you longer to read. [a shining eye]
  2978 | D        | Received a gift from Trog
  2979 | D        | Got a crude great mace {god gift}
  3029 | D        | Got a bone hand crossbow
  3038 | D        | Lost mutation: Your magical capacity is very low. (-20% MP) [potion of mutation]
  3038 | D        | Lost mutation: Armour fits poorly on your strangely shaped body. [potion of mutation]
  3038 | D        | Lost mutation: Your magical capacity is low. (-10% MP) [potion of mutation]
  3038 | D        | Lost mutation: Scrolls take you longer to read. [potion of mutation]
  3038 | D        | Lost mutation: Your body sometimes deteriorates upon taking damage. [potion of mutation]
  3039 | D        | Lost mutation: You are very weak. (Str -4) [potion of mutation]
  3039 | D        | Lost mutation: You are frail. (-10% HP) [potion of mutation]
  3040 | D        | Lost mutation: You are very clumsy. (Dex -4) [potion of mutation]
  3040 | D        | Lost mutation: You are weak. (Str -2) [potion of mutation]
  3040 | D        | Lost mutation: You are somewhat resistant to further mutation. [potion of mutation]
  3040 | D        | Lost mutation: You are clumsy. (Dex -2) [potion of mutation]
  3040 | D        | Lost mutation: You often lose your temper in combat. [potion of mutation]
  3040 | D        | Lost mutation: You tend to lose your temper in combat. [potion of mutation]
  3040 | D        | Gained mutation: You are robust. (+10% HP) [potion of mutation]
  3040 | D        | Gained mutation: You are very robust. (+20% HP) [potion of mutation]
  3040 | D        | Gained mutation: You have a pair of small horns on your head. [potion of mutation]
  3040 | D        | Gained mutation: Your skin changes colour to match your surroundings (Stealth+). [potion of mutation]
  3041 | D        | Lost mutation: You expend magic power (3 MP) to strengthen your wands. [potion of mutation]
  3041 | D        | Lost mutation: You have a pair of small horns on your head. [potion of mutation]
  3041 | D        | Lost mutation: You are very robust. (+20% HP) [potion of mutation]
  3041 | D        | Lost mutation: Scrolls take you a little longer to read. [potion of mutation]
  3041 | D        | Lost mutation: You are robust. (+10% HP) [potion of mutation]
  3041 | D        | Gained mutation: Your mind is acute. (Int +2) [potion of mutation]
  3041 | D        | Gained mutation: You are partially covered in thin metallic scales. (AC +2) [potion of mutation]
  3041 | D        | Gained mutation: You have a beak for a mouth. [potion of mutation]
  3041 | D        | Gained mutation: You are agile. (Dex +2) [potion of mutation]
  3042 | D        | Lost mutation: Your mind is acute. (Int +2) [potion of mutation]
  3042 | D        | Lost mutation: You are agile. (Dex +2) [potion of mutation]
  3042 | D        | Lost mutation: You are partially covered in thin metallic scales. (AC +2) [potion of mutation]
  3042 | D        | Gained mutation: Your mind is acute. (Int +2) [potion of mutation]
  3042 | D        | Gained mutation: You have large cloven feet. [potion of mutation]
  3042 | D        | Gained mutation: You are robust. (+10% HP) [potion of mutation]
  3092 | D        | Killed a lorocyproca
  3092 | D        | Reached skill level 16 in Fighting
  3092 | D        | Reached skill level 16 in Dodging
  3097 | D        | Killed a lorocyproca
  3097 | D        | Received a gift from Trog
  3100 | D        | Got an encrusted giant spiked club {god gift}
  3146 | D        | Identified the +2 giant spiked club of Outrage {holy, rElec MR+ Str+3 Int+2} (Trog gifted it to you in the Dungeon)
  3158 | D        | Noticed a quicksilver dragon
  3165 | D        | Killed a quicksilver dragon
  3165 | D        | Reached skill level 11 in Armour
  3187 | D        | Killed a lorocyproca
  3336 | D        | Noticed a quicksilver dragon
  3337 | D        | Noticed a quicksilver dragon
  3347 | D        | Killed a quicksilver dragon
  3347 | D        | Reached skill level 19 in Unarmed Combat
  3355 | D        | Killed a quicksilver dragon
  3355 | D        | Reached XP level 14. HP: 179/179 MP: 13/13
  3441 | D        | Noticed Murray
  3449 | D        | Killed Murray
  3592 | D        | Got the Orb of Zot
  3609 | D        | Received a gift from Trog
  3609 | D        | Reached skill level 12 in Armour
  3657 | D        | Noticed a Tzitzimitl
  3661 | D        | Received a gift from Trog
  3666 | D        | HP: 34/179 [??? (31)]
  3669 | D        | Killed a Tzitzimitl
  3669 | D        | Reached skill level 17 in Fighting
  3669 | D        | Reached skill level 17 in Dodging
  3688 | D        | Noticed Nuirphink the pandemonium lord
  3712 | D        | Killed Nuirphink the pandemonium lord
  3712 | D        | Reached skill level 20 in Unarmed Combat
  3713 | D        | Noticed a lich
  3724 | D        | Killed a lich
  3724 | D        | Reached skill level 13 in Armour
  3754 | D        | Escaped with the Orb!

Vault maps used:
D:        the_violet_keep_of_menkaure

Skill      XL: |  1  2  3  4  5  6  7  8  9 10 11 12 13 14 |
---------------+-------------------------------------------+-----
Fighting       | 3 4 5 7 9 10 12 13 14 16 17 | 17.4
Dodging        | 3 4 5 7 9 10 12 13 14 16 17 | 17.4
Unarmed Combat | 4 5 6 8 9 10 12 14 15 16 17 19 20 | 20.1
Shields        | 8 10 | 10.7
Armour         | 8 11 13 | 13.0

Action                   |  1- 3 |  4- 6 |  7- 9 | 10-12 | 13-15 || total
-------------------------+-------+-------+-------+-------+-------++-------
Melee: Unarmed           |    11 |    27 |    46 |   154 |   206 ||   444
       Punch             |       |     1 |     5 |    10 |       ||    16
       Kick              |       |       |       |       |    32 ||    32
       Peck              |       |       |       |       |    22 ||    22
Invok: Berserk           |     1 |     2 |     3 |     8 |     4 ||    18
       Brothers in Arms  |       |       |       |     2 |       ||     2
 Abil: Evoke Flight      |       |       |       |     1 |       ||     1
  Use: Scroll            |       |       |    11 |     4 |     2 ||    17
       Potion            |       |       |     1 |     5 |    20 ||    26
 Stab: Sleeping          |       |       |       |     1 |       ||     1
  Eat: Chunk             |       |     3 |     3 |    30 |    12 ||    48
       Fruit             |       |       |     3 |       |       ||     3
       Royal jelly       |       |       |     2 |       |       ||     2
Armor: Animal skin       |     4 |     3 |     1 |       |       ||     8
       Robe              |       |       |     3 |    16 |       ||    19
       Storm dragon scal |       |       |       |     6 |    62 ||    68
       Troll leather arm |       |       |       |     3 |       ||     3
Dodge: Dodged            |       |     5 |    19 |    73 |    43 ||   140
Block: Shield            |       |       |       |    39 |    37 ||    76

Vault maps used:
D:        the_violet_keep_of_menkaure

Table legend:
 A = Turns spent in this place as a percentage of turns spent in the entire game.
 B = Non-inter-level travel turns spent in this place as a percentage of non-inter-level travel turns spent in the entire game.
 C = Inter-level travel turns spent in this place as a percentage of turns spent in this place.
 D = Turns resting spent in this place as a percentage of non-inter-level travel turns spent in this place.
 E = Turns spent auto-exploring this place as a percentage of non-inter-level travel turns spent in this place.
 F = Non-inter-level travel turns spent in this place divided by the number of levels of this place that you've seen.
                   A       B       C       D       E      F
               +-------+-------+-------+-------+-------+----------------------
         Total | 100.0 | 100.0 |   0.7 |   6.1 |   0.0 | 2198.0
       Dungeon | 100.0 | 100.0 |   0.7 |   6.1 |   0.0 | 2198.0
               +-------+-------+-------+-------+-------+----------------------

Table legend:
 A = Kills in this place as a percentage of kills in entire the game.
 B = Kills by you in this place as a percentage of kills by you in the entire game.
 C = Kills by friends in this place as a percentage of kills by friends in the entire game.
 D = Other kills in this place as a percentage of other kills in the entire game.
 E = Experience gained in this place as a percentage of experience gained in the entire game.
 F = Experience gained in this place divided by the number of levels of this place that you have seen.
                   A       B       C       D       E      F
               +-------+-------+-------+-------+-------+----------------------
         Total | 100.0 | 100.0 | 100.0 |  -nan | 100.0 | 83047.0
       Dungeon | 100.0 | 100.0 | 100.0 |  -nan | 100.0 | 83047.0
               +-------+-------+-------+-------+-------+----------------------
